 Dungeon Crawl Stone Soup version 0.30.1-9-gdf580d7c3d (webtiles) character file.

Game seed: 7647193033922720781

1459 lonewolfV2 the Chopper (level 8, 0/65 HPs)
             Began as a Demonspawn Fighter on Oct 24, 2023.
             Killed by divine providence
             ... invoked by an orc priest
              (16 damage)
             ... on level 6 of the Dungeon.
             The game lasted 00:07:26 (5077 turns).

lonewolfV2 the Chopper (Demonspawn Fighter)         Turns: 5077, Time: 00:07:26

Health: 0/65       AC: 12    Str: 18    XL:     8   Next: 48%
Magic:  8/8        EV:  7    Int: 10    God:
Gold:   229        SH: 10    Dex: 13    Spells: 7/7 levels left

rFire   . . .        a - +0 war axe
rCold   . . .        c - +0 buckler
rNeg    . . .        j - +0 chain mail
rPois   .            (no helmet)
rElec   .            (no cloak)
rCorr   .            n - +1 pair of gloves
SInv    .            (no boots)
Will    .....        l - amulet of reflection Stlth
                     (no ring)
HPRegen 0.30/turn    (no ring)
MPRegen 0.11/turn

%: reflection
@: no status effects
A: claws 1, demonic guardian 2, sharp scales 1
a: no special abilities


You were on level 6 of the Dungeon.
You visited 1 branch of the dungeon, and saw 6 of its levels.
You also visited: Sewer.

You collected 229 gold pieces.

Inventory:

Hand Weapons
 a - a +0 war axe (weapon)
Armour
 c - a +0 buckler (worn)
 j - a +0 chain mail (worn)
 n - a +1 pair of gloves (worn)
Jewellery
 h - an amulet of magic regeneration
 l - an amulet of reflection (around neck)
Scrolls
 f - a scroll of noise {unknown}
 s - a scroll of butterflies
 t - a scroll of silence {unknown}
Potions
 b - a potion of berserk rage {unknown}
 d - 3 potions of might
 e - 3 potions of heal wounds
 g - a potion of invisibility {unknown}
 i - 4 potions of haste
 k - 2 potions of curing
 m - 3 potions of flight
 o - a potion of degeneration {unknown}
 p - a potion of attraction {unknown}
 q - a potion of mutation {unknown}
 r - a potion of brilliance {unknown}
 v - a potion of cancellation {unknown}


   Skills:
 + Level 6.4 Fighting
 * Level 6.7 Axes
 - Level 2.6 Armour
 + Level 5.5 Shields


You had 7 spell levels left.
You didn't know any spells.
Your spell library contained the following spells:

 Spells                   Type           Power      Damage    Failure   Level
 Summon Small Mammal      Summ           0%         N/A       99%         1
 Lesser Beckoning         Tloc           0%         N/A       100%        2
 Call Canine Familiar     Summ           0%         N/A       100%        3
 Gell's Gravitas          Tloc           0%         N/A       100%        3
 Summon Guardian Golem    Hex/Summ       0%         N/A       100%        3
 Teleport Other           Tloc           0%         N/A       100%        3
 Starburst                Conj/Fire      0%         6d3       100%        6
 Borgnjor's Revivificati  Necr           0%         N/A       100%        8


Dungeon Overview and Level Annotations

Branches:
Dungeon (6/15)              Sewer (visited)
 Temple: D:4-7

Altars:
Nemelex Xobeh
Wu Jian

Shops:
D:2 (   D:5 :


Innate Abilities, Weirdness & Mutations

You have sharp fingernails.
A demonic guardian rushes to your aid.
You are partially covered in razor-sharp scales. (AC +1, Slay +1)


Message History

You feel very sick.
You feel very sick.
You feel very sick.
t - a scroll labelled BAUDWAA COSIRPH You feel very sick.
You feel sick.
You feel sick.
You start resting.
You feel sick. x6
You are no longer poisoned.
A howler monkey comes into view.
You start resting.
An adder is nearby!
An adder is nearby!
An adder is nearby!
The adder hisses angrily.
An adder is nearby!
There is a stone staircase leading up here.
You block the adder's attack.
You hit the adder but do no damage. The adder closely misses you.
You barely miss the adder. The adder barely misses you.
The adder bites you but does no damage.
You closely miss the adder. The adder bites you.
* * * LOW HITPOINT WARNING * * *
You closely miss the adder. You block the adder's attack.
The adder barely misses you.
You hit the adder.
The adder is lightly wounded.
You block the adder's attack. The adder barely misses you.
The orc priest shouts!
You hit the adder.
The adder is heavily wounded.
You hear a bark!
The adder bites you but does no damage.
The orc priest begins to cast a cantrip, but forgets the words!
The adder attacks as you move away! The adder barely misses you.
There is a stone staircase leading up here.
You block the adder's attack.
The orc priest invokes the aid of Beogh against you.
Beogh smites you!
You die...

#######
.......##
........#
#......######
#._..#......#
#....#.@....#
####...S....#
.....#).....#
.... #....#####
###..#....# ...
###..#....#..##
...............
.....o....#####
##........#


You could see an orc priest and an adder.

Vanquished Creatures
  A water moccasin (D:6)
  2 black bears
  A sky beast (D:6)
  2 ogres (D:5)
  A phantom (D:5)
  2 kobold brigands (Sewer)
  2 scorpions
  An orc priest (D:5)
  3 hounds
  2 jellies
  Ijyb (D:3)
  Terence (D:2)
  An orc wizard (D:6)
  7 adders
  A white imp (D:6)
  An ufetubus (D:5)
  2 worms (D:4)
  3 dart slugs
  11 orcs
  5 ball pythons
  10 endoplasms
  6 giant cockroaches
  12 goblins
  6 hobgoblins
  10 jackals
  2 quokkas (D:1)
  5 bats
  3 frilled lizards
  18 kobolds
  5 rats
127 creatures vanquished.

Vanquished Creatures (collateral kills)
  A kobold brigand (Sewer)
  Jessica (D:2)
  A kobold (D:1)
3 creatures vanquished.

Grand Total: 130 creatures vanquished

Notes
Turn   | Place    | Note
-------+----------+-------------------------------------------
     0 | D:1      | lonewolfV2 the Demonspawn Fighter began the quest for the
                  | Orb.
     0 | D:1      | Reached XP level 1. HP: 18/18 MP: 1/1
    61 | D:1      | Gained mutation: A weak demonic guardian rushes to your
                  | aid. [demonic ancestry]
    61 | D:1      | Reached XP level 2. HP: 11/24 MP: 2/2
   218 | D:1      | Got the Anthology of Flaming Misery
   585 | D:1      | Gained mutation: You have sharp fingernails. [demonic
                  | ancestry]
   585 | D:1      | Reached XP level 3. HP: 30/30 MP: 3/3
   793 | D:2      | Noticed Jessica
   801 | D:2      | Killed Jessica
   939 | D:2      | Reached XP level 4. HP: 34/37 MP: 4/4
  1070 | D:2      | Noticed Terence
  1083 | D:2      | Killed Terence
  1097 | D:2      | Found Vuguputoq's Weapon Shoppe.
  2055 | D:3      | Gained mutation: You are partially covered in razor-sharp
                  | scales. (AC +1, Slay +1) [demonic ancestry]
  2055 | D:3      | Reached XP level 5. HP: 34/43 MP: 5/5
  2162 | D:3      | Noticed Ijyb
  2202 | D:3      | Killed Ijyb
  2422 | D:4      | Reached XP level 6. HP: 48/49 MP: 6/6
  2775 | D:5      | Entered Level 5 of the Dungeon
  2868 | D:4      | Reached skill level 5 in Fighting
  3268 | D:5      | Reached XP level 7. HP: 55/56 MP: 7/7
  3289 | D:5      | Found a glowing drain.
  3303 | Sewer    | Entered a sewer
  3333 | Sewer    | Reached skill level 5 in Axes
  3713 | D:5      | Found a sparkling altar of Nemelex Xobeh.
  4375 | D:5      | Found Awanioj's Book Shop.
  4401 | D:5      | Reached skill level 5 in Shields
  4409 | D:5      | Gained mutation: A demonic guardian rushes to your aid.
                  | [demonic ancestry]
  4409 | D:5      | Reached XP level 8. HP: 49/64 MP: 8/8
  4746 | D:6      | Found an ornate altar of the Wu Jian Council.
  5077 | D:6      | Killed from afar by an orc priest

Illustrated notes

Levels and vault maps discovered:
D:1:      scummos_arrival_checkerplants, layout_loops_cross
D:2:      minmay_chambers_of_ones, layout_basic, serial_shops,
          nicolae_shop_window_shopping, chequers_serial_rivers_room_a,
          uniq_jessica, uniq_terence
D:3:      kennysheep_the_goblin_king, layout_loops_cross
D:4:      layout_rooms
D:5:      layout_cave_pools, nemelex_dance_club_becter, portal_sewer_entry_a,
          serial_shops, kennysheep_mini
D:6:      minmay_chambers_of_fours, layout_rooms, mainiacjoe_overflow_chevrons,
          minmay_temple_entry_junction, serial_curves, eino_curves_03,
          eino_curves_01, eino_curves_02, minmay_between

Skill      XL: |  1  2  3  4  5  6  7  8 |
---------------+-------------------------+-----
Axes           | 2 3 4 5 6 |  6.7
Shields        | 3 4 5 |  5.5
Fighting       | 4 5 6 |  6.4
Armour         | |  2.6

Action                     |  1- 3 |  4- 6 |  7- 9 || total
---------------------------+-------+-------+-------++-------
  Melee: War axe           |    68 |   222 |   132 ||   422
    Use: Scroll            |     4 |     4 |     6 ||    14
         Potion            |       |     2 |     1 ||     3
   Stab: Distracted        |       |     1 |       ||     1
 Armour: Scale mail        |    35 |       |       ||    35
         Chain mail        |     6 |   161 |    91 ||   258
  Dodge: Dodged            |    33 |    68 |    37 ||   138
  Block: Buckler           |    13 |   151 |    90 ||   254
         Reflection        |       |     2 |     1 ||     3
